 Dungeon Crawl Stone Soup version 0.22-a0-223-g0f5d773 (webtiles) character file.

45 vishdafish the Slasher (level 3, 0/28 HPs)
             Began as a Demonspawn Gladiator on Feb 18, 2018.
             Succumbed to a goblin's poison
             ... on level 2 of the Dungeon.
             The game lasted 00:01:50 (1133 turns).

vishdafish the Slasher (Demonspawn Gladiator)       Turns: 1133, Time: 00:01:51

Health: 0/28       AC:  6    Str: 14 (15) XL:     3   Next: 42%
Magic:  3/3        EV: 13    Int:  7 (9)  God:
Gold:   56         SH:  0    Dex: 13 (14) Spells: 2/2 levels left

rFire    . . .     SeeInvis .   a - +0 long sword
rCold    . . .     Gourm    .   (no shield)
rNeg     . . .     Faith    .   i - +0 robe (curse)
rPois    .         Spirit   .   (helmet restricted)
rElec    .         Reflect  .   (no cloak)
rCorr    .         Harm     .   e - +0 pair of gloves
MR       .....                  (no boots)
Stlth    +.........             (no amulet)
HPRegen  0.09/turn              g - +1 ring of protection (curse)
MPRegen  0.08/turn              (no ring)

@: lethally poisoned (0 -> -3)
A: antennae 1, iridescent scales 1
a: no special abilities


You were on level 2 of the Dungeon.
You were hungry.

You visited 1 branch of the dungeon, and saw 2 of its levels.

You collected 56 gold pieces.

Inventory:

Hand Weapons
 a - a +0 long sword (weapon)
Missiles
 d - 3 throwing nets (quivered)
 k - 8 steel tomahawks
Armour
 b - a +0 leather armour
 c - a +0 helmet
 e - a +0 pair of gloves (worn)
 i - a cursed +0 robe (worn)
Jewellery
 g - a cursed +1 ring of protection (left hand)
Scrolls
 j - a scroll of enchant weapon {unknown}
Comestibles
 f - 4 rations


   Skills:
 + Level 2.4 Fighting
 * Level 3.3 Long Blades
 + Level 2.1 Throwing
 + Level 3.1 Dodging


You had 2 spell levels left.
You didn't know any spells.

Dungeon Overview and Level Annotations

Branches:
Dungeon (2/15)

Altars:
Vehumet

Annotations:
D:2 Robin


Innate Abilities, Weirdness & Mutations

You have a pair of small antennae on your head.
You are partially covered in iridescent scales. (AC +2)


Message History

Your surroundings suddenly seem different.
* * * LOW HITPOINT WARNING * * *
You feel sick.
Found an escape hatch in the ceiling.
* * * LOW HITPOINT WARNING * * *
You feel sick.
You open the door.
* * * LOW HITPOINT WARNING * * *
You feel sick.
* * * LOW HITPOINT WARNING * * *
You feel sick.
There is an open door here.
* * * LOW HITPOINT WARNING * * *
You feel sick.
There is an open door here.
* * * LOW HITPOINT WARNING * * *
You feel sick.
* * * LOW HITPOINT WARNING * * *
You feel sick.
You die...

.#... ##### .#.## #...#
....######.#.#######
...........>..รท....#
..#.#........#####.###
....#..##...)........#
...........#......##.###.#
................(.##.....#.
..............##@#.........#
......#..#.#####.#.#########
.####......# #.#.#
....#....#######.#.#
.......#......##.#..
.##.#..#......'..###
.#<...........######
>#.#...........#..<#
.#.#.......#.#.#.#.####


There were no monsters in sight!

Vanquished Creatures
  2 adders (D:2)
  3 dart slugs
  3 giant cockroaches
  5 goblins
  2 hobgoblins (D:2)
  2 kobolds
  3 rats
  A plant (D:1)
21 creatures vanquished.

Vanquished Creatures (others)
  A rat (D:2)
  5 toadstools (D:1)
6 creatures vanquished.

Grand Total: 27 creatures vanquished

Notes
Turn   | Place    | Note
-------+----------+-------------------------------------------
     0 | D:1      | vishdafish the Demonspawn Gladiator began the quest for the Orb.
     0 | D:1      | Reached XP level 1. HP: 16/16 MP: 1/1
   559 | D:2      | Gained mutation: You are partially covered in iridescent scales. (AC +2) [demonic ancestry]
   559 | D:2      | Reached XP level 2. HP: 16/22 MP: 2/2
   629 | D:2      | Found a radiant altar of Vehumet.
   702 | D:2      | Gained mutation: You have a pair of small antennae on your head. [demonic ancestry]
   702 | D:2      | Reached XP level 3. HP: 6/28 MP: 3/3
  1099 | D:2      | Noticed Robin
  1130 | D:2      | HP: 1/28 [poisoned by a goblin]
  1133 | D:2      | Succumbed to a goblin's poison

Vault maps used:
D:1:      ldierk_walled_garden, serial_forest, infiniplex_forest_end_3,
          infiniplex_forest_lined_corner, infiniplex_forest_clump_large,
          infiniplex_forest_lined_2, infiniplex_forest_3_way,
          infiniplex_forest_corner_2, serial_bayou_lagoon_a
D:2:      fiery_altar_vehumet, serial_glass, glass_columns_b, glass_columns_b,
          minmay_strange_pillars, minmay_strange_pillars,
          chequers_ecumenical_altar_lobes, uniq_robin, uniq_sigmund

Skill      XL: |  1  2 |
---------------+-------+-----
Long Blades    | 3 |  3.3
Throwing       | 2 |  2.1
Dodging        | 3 |  3.1
Fighting       | |  2.4

Action                   || total
-------------------------++-------
Melee: Long sword        ||    84
  Use: Potion            ||     5
       Scroll            ||     1
 Stab: Sleeping          ||     1
Armor: Robe              ||    16
Dodge: Dodged            ||    58
       Rpst.: Long sword ||    19

Table legend:
 A = Spawn XP
 B = Non-spawn XP
 C = Spawn XP percentage of total XP
 D = Spawn monster count
 E = Non-spawn monster count
 F = Spawn count percentage of total count
 G = Total turns spent on level
                    A         B        C        D         E        F      G
               +---------+---------+-------+---------+---------+-------+---------
         Total |       0 |      65 |   0.0 |       0 |      20 |   0.0 |  1133
               +---------+---------+-------+---------+---------+-------+---------
           D:1 |       0 |      16 |   0.0 |       0 |       7 |   0.0 |   602
           D:2 |       0 |      49 |   0.0 |       0 |      13 |   0.0 |   531
               +---------+---------+-------+---------+---------+-------+---------
